 Dungeon Crawl Stone Soup version 0.32-a0-519-g08f29ac1c3 (webtiles) character file.

Game seed: 16906070614014066563

1292 kae the Changeling (level 8, -8/69 HPs)
             Began as a Red Draconian Shapeshifter on Feb 27, 2024.
             Was an Initiate of Makhleb.
             Mangled by a gnoll sergeant
             ... wielding a +0 great sword
              (9 damage)
             ... on level 5 of the Dungeon.
             The game lasted 00:05:54 (4484 turns).

kae the Changeling (Red Draconian Shapeshifter)     Turns: 4484, Time: 00:05:54

Health: -8/69      AC:  6    Str: 16    XL:     8   Next: 30%
Magic:  0/8        EV: 16    Int: 10    God:    Makhleb [......]
Gold:   125        SH:  0    Dex: 14    Spells: 7/7 levels left

rFire   + .          .
                       - Unarmed
rCold   . . .        (shield currently unavailable)
rNeg    . . .        (body armour unavailable)
rPois   .            (helmet restricted)
rElec   .            (no cloak)
rCorr   .            (no gloves)
SInv    .            (no boots)
Will    .....        G - amulet of guardian spirit
Stlth   +            (no ring)
HPRegen 0.31/turn    (no ring)
MPRegen 0.11/turn

%: clarity, guardian spirit
@: flux-form, glowing
A: glow, contaminating, combustion breath, AC +6, unfitting armour, fire
resistance 1, cold-blooded, clarity
a: Combustion Breath, Begin Untransformation, Renounce Religion


You were on level 5 of the Dungeon.
You worshipped Makhleb.
Makhleb was noncommittal.
You were something dangerously unstable.
You visited 2 branches of the dungeon, and saw 6 of its levels.

You collected 149 gold pieces.
You spent 24 gold pieces at shops.


Innate Abilities, Weirdness & Mutations

You are something dangerously unstable.
You glow with magical radiation, making you easy to see and hit.
Foes you strike become dangerously contaminated with magical radiation.
You are incapable of wielding weapons or throwing items.
You can breathe blasts of explosive embers.
Your fiery red scales are hard. (AC +6)
You cannot fit into any form of body armour.
Your flesh is heat resistant. (rF+)
You are cold-blooded and may be slowed by cold attacks.
You possess an exceptional clarity of mind.


   Skills:
 + Level 5.4 Fighting
 - Level 1.7 Dodging
 + Level 5.8 Unarmed Combat
 * Level 7.2 Shapeshifting


You had 7 spell levels left.
You didn't know any spells.
Your spell library contained the following spells:

 Spells                   Type           Power      Damage    Failure   Level
 Kiss of Death            Conj/Necr      0%         2d5       36%         1
 Call Canine Familiar     Summ           0%         N/A       75%         3
 Confusing Touch          Hex            0%         N/A       75%         3
 Sigil of Binding         Hex            0%         N/A       75%         3
 Dimensional Bullseye     Hex/Tloc       0%         N/A       98%         4
 Dispel Undead            Necr           0%         3d6       98%         4

Inventory:

Missiles
 l - 2 throwing nets {=f!f}
 m - 34 stones (quivered)
 n - 3 boomerangs
Magical Staves
 j - a staff of earth {!a}
   (You found it on level 1 of the Dungeon)
 p - a staff of cold {!a}
   (You found it on level 3 of the Dungeon)
Jewellery
 A - an amulet of the acrobat
   (You took it off an orc on level 5 of the Dungeon)
 C - a ring of ice
   (You found it on level 3 of the Dungeon)
 G - an amulet of guardian spirit (around neck)
   (You found it on level 1 of the Dungeon)
Talismans
 b - a beast talisman
 c - a flux talisman (active)
 f - a blade talisman
   (You found it on level 1 of the Dungeon)
Scrolls
 g - a scroll of amnesia
 k - a scroll of silence {!r}
 q - a scroll of teleportation {@r4}
Potions
 a - 6 potions of lignification {!q}
 d - 3 potions of haste {@q3}
 e - a potion of brilliance
 h - a potion of curing {@q1}
 i - 3 potions of might

Dungeon Overview and Level Annotations

Branches:
Dungeon (5/15) Zot: 25598  Temple (1/1) D:5 Zot: 5939

Altars:
Ashenzari
Elyvilon
Hepliaklqana
Makhleb
Nemelex Xobeh
Qazlal
Sif Muna
Trog
Uskayaw
Wu Jian
Xom
Zin
The Shining One

Shops:
D:1

(=*( #.#..≈≈ ..#.≈≈.
...≈.. .#..≈... ###
...≈.. ....≈.... #.?
...≈..
..≈≈≈....##..##...≈
..≈≈g.....#''#....
..≈g..##........# .#
#.≈g.####....()#### ≈.#
#$≈.##..'......gp.# .≈!#
#.≈.##..'......)..##.≈.#
..≈..####......####..≈.#
#.≈...##........##...≈.#
#.≈.......#('#......≈≈.#
#.≈.(....##..##....≈≈..#
..≈≈.....##..##....≈..##
...≈≈.....####.†...≈...#
....≈......##......≈...#


You could see a gnoll sergeant (contam).


Message History

😕 HP[-7] MP[-2]
You take 7 damage, and now have 54/68 hp.
You lost 2 mp, and now have 4/8 mp.
You hit the hound.
The hound shudders as magic cascades through it!
You kill the hound!
Makhleb accepts your kill.
The gnoll throws a throwing net.
The throwing net closely misses you.
The gnoll hits you from afar with a +2 heavy spear.
The gnoll barely misses you. 😮 HP[-5]
You now have 69 max hp (+1).
You take 5 damage, and now have 49/69 hp.
The gnoll closely misses you.
The gnoll throws a throwing net.
The throwing net closely misses you.
The gnoll hits you from afar with a +2 heavy spear!
The gnoll hits you with a +0 spear.
There is a large open door here.
You see here a throwing net {=f!f}. 😮 HP[-7] MP[-1]
You take 7 damage, and now have 42/69 hp.
You lost 1 mp, and now have 3/8 mp.
Unknown command.
The gnoll throws a throwing net.
The throwing net closely misses you.
The gnoll hits you from afar with a +0 spear.
You see here a throwing net {=f!f}. 😮 HP[-1]
You take 1 damage, and now have 41/69 hp.
l - 2 throwing nets {=f!f} (gained 1)
The gnoll hits you from afar with a +0 spear. 😮 HP[-2]
You take 2 damage, and now have 39/69 hp.
Okay, then.
What are your orders? t - Shout!
Orders for allies: a - Attack new target. r - Retreat! s - Stop attacking. g - Guard the area. f - Follow me.
Anything else - Cancel.
Okay, then.
Unknown command.
Aiming: Combustion Breath
Press: ? - help, Shift-Dir - straight line, f - gnoll
Aim: a gnoll (86% to hit)
You breathe a blast of explosive embers.
The explosive embers hits the gnoll.
The embers explode!
The fiery explosion hits the gnoll!!
You kill the gnoll!
Makhleb accepts your kill.
The fiery explosion hits the gnoll!!
You kill the gnoll!
Makhleb accepts your kill.
The fiery explosion hits the gnoll.
The gnoll hits you from afar with a +1 heavy spear. 😮 HP[-3]
You take 3 damage, and now have 36/69 hp. 😮 HP[+1] MP[+1]
The gnoll misses you.
The gnoll hits you from afar with a +2 heavy spear!
* * * LOW HITPOINT WARNING * * *
😨 HP[-8] MP[-1]
You take 8 damage, and now have 29/69 hp.
You lost 1 mp, and now have 3/8 mp.
Aiming: Combustion Breath
Press: ? - help, Shift-Dir - straight line, f - gnoll
Aim: a gnoll, wielding a +2 heavy spear (86% to hit)
You breathe a blast of explosive embers.
The explosive embers hits the gnoll.
The embers explode!
The fiery explosion hits the gnoll!
The fiery explosion hits the gnoll sergeant!
The fiery explosion hits the gnoll!
You kill the gnoll!
Makhleb accepts your kill.
The explosive embers hits the gnoll sergeant.
The embers explode!
The fiery explosion hits the gnoll sergeant.
The fiery explosion hits the gnoll!
You kill the gnoll!
Makhleb accepts your kill.
The gnoll sergeant throws a stone.
The stone barely misses you.
Unknown command.
Unknown command.
Okay, then. 😨 HP[+1]
You barely miss the gnoll sergeant.
The gnoll sergeant hits you with a +0 great sword!!
* * * LOW HITPOINT WARNING * * *
😱 HP[-19] MP[-1]
You take 19 damage, and now have 11/69 hp.
MASSIVE DAMAGE!! (PAUSE)
You lost 1 mp, and now have 2/8 mp.
You barely miss the gnoll sergeant.
The gnoll sergeant hits you with a +0 great sword!
* * * LOW HITPOINT WARNING * * *
😱 HP[-10] MP[-1]
You take 10 damage, and now have 1/69 hp.
You lost 1 mp, and now have 1/8 mp.
You hit the gnoll sergeant.
The gnoll sergeant begins to glow.
The gnoll sergeant hits you with a +0 great sword!
You die...

Skill      XL: |  1  2  3  4  5  6  7  8 |
---------------+-------------------------+-----
Fighting       | 2 3 4 5 |  5.4
Shapeshifting  | 4 5 6 7 |  7.2
Unarmed Combat | 4 5 |  5.8
Dodging        | |  1.7

Action                     |  1- 3 |  4- 6 |  7- 9 || total
---------------------------+-------+-------+-------++-------
  Melee: Unarmed           |    81 |   160 |   131 ||   372
         Tailslap          |    10 |    21 |    20 ||    51
         Punch             |       |     1 |     3 ||     4
Ability: Combustion Breath |       |       |     4 ||     4
    Use: Scroll            |     5 |     6 |       ||    11
         Potion            |       |     6 |       ||     6
   Stab: Sleeping          |       |     1 |       ||     1
 Armour: Skin              |    35 |    74 |   106 ||   215
  Dodge: Dodged            |    70 |    91 |   123 ||   284
         Repelled          |     2 |       |     2 ||     4
   Form: Blade             |     1 |       |     1 ||     2
                           |     1 |       |       ||     1
         Flux              |     1 |       |     1 ||     2
         Beast             |       |     1 |       ||     1

Levels and vault maps discovered:
D:1:      dpeg_arrival_tiny_h, layout_rooms, shapermc_ecumenical_altar_pompeii,
          serial_shops, shop, nicolae_diamond_shop, shop, shop_statue
D:2:      layout_loops_corners, minmay_pentomino_pile
D:3:      layout_basic, minmay_close_crescents, uniq_robin
D:4:      layout_basic, nicolae_overflow_hidden_temple
D:5:      layout_cave_pools, mainiacjoe_overflow_cross_hatched,
          lemuel_tele_altar, temple_fountains, serial_shops,
          nicolae_shop_tiny_real_fake_doors, serial_gnoll_camp,
          gnoll_camp_huts_moat, gnoll_camp_mini_doghouse, gnoll_camp_mini_shop,
          gnoll_camp_mini_basic, uniq_edmund, uniq_crazy_yiuf_cottage
Temple:   nicolae_temple_ecumenical_triangle

Notes
Turn   | Place    | Note
-------+----------+-------------------------------------------
     0 | D:1      | kae the Draconian Shapeshifter began the quest for the Orb.
     0 | D:1      | Reached XP level 1. HP: 16/16 MP: 1/1
     0 | D:1      | magus.rc [v1.11.3]
    41 | D:1      | Found Baolum's Weapon Shop.
    78 | D:1      | HP: 1/5 [quokka (4)]
   172 | D:1      | Reached XP level 2. HP: 22/23 MP: 2/2
   189 | D:1      | Found a faded altar of an unknown god.
   211 | D:1      | Found Wiakeh's Weapon Shop.
   229 | D:1      | Found Daublaf's General Store.
   239 | D:1      | Bought a scroll of identify for 24 gold pieces
   445 | D:1      | Found Suell's Jewellery Boutique.
   801 | D:2      | Reached XP level 3. HP: 17/29 MP: 3/3
   988 | D:2      | You pick up a book of Touch and begin reading...
   988 | D:2      | You add the spells Kiss of Death, Confusing Touch and
                  | Dispel Undead to your library.
  1421 | D:3      | Noticed a scorpion
  1430 | D:3      | Killed a scorpion
  1431 | D:3      | Reached skill level 2 in Fighting
  1431 | D:3      | Reached skill level 4 in Shapeshifting
  1431 | D:3      | Reached XP level 4. HP: 17/37 MP: 4/4
  1604 | D:3      | Noticed Robin
  1620 | D:3      | Killed Robin
  2211 | D:3      | You pick up a book of the Hunter and begin reading...
  2211 | D:3      | You add the spells Sigil of Binding, Call Canine Familiar
                  | and Dimensional Bullseye to your library.
  2349 | D:3      | Reached XP level 5. HP: 42/42 MP: 5/5
  2411 | D:3      | Reached skill level 4 in Unarmed Combat
  2445 | D:3      | HP: 2/44 [orc priest/nerve-wracking pain (12)]
  2450 | D:3      | Gained mutation: You possess an exceptional clarity of
                  | mind. [potion of mutation]
  2450 | D:3      | HP: 2/44 [orc priest/+0 trident (3)]
  2457 | D:3      | HP: 10/44 [orc priest/+0 trident (3)]
  2459 | D:3      | Reached skill level 3 in Fighting
  2693 | D:4      | Reached skill level 5 in Shapeshifting
  2693 | D:4      | Reached XP level 6. HP: 36/51 MP: 3/6
  3064 | D:4      | Found a hazy altar of Hepliaklqana.
  3508 | D:5      | Entered Level 5 of the Dungeon
  3529 | D:5      | Found a shimmering altar of Xom.
  3626 | D:5      | Reached skill level 4 in Fighting
  3638 | D:5      | Your scales start taking on a fiery red colour.
  3638 | D:5      | Reached XP level 7. HP: 35/59 MP: 3/7
  3638 | D:5      | Gained mutation: Your flesh is heat resistant. (rF+) [Red
                  | Draconian growth]
  3827 | D:5      | Found a staircase to the Ecumenical Temple.
  3875 | D:5      | Reached skill level 6 in Shapeshifting
  3896 | D:5      | Reached skill level 5 in Unarmed Combat
  3916 | Temple   | Entered the Ecumenical Temple
  3963 | Temple   | Became a worshipper of Makhleb the Destroyer
  4219 | D:5      | Noticed Edmund
  4264 | D:5      | Killed Edmund
  4265 | D:5      | Reached skill level 5 in Fighting
  4265 | D:5      | Reached XP level 8. HP: 14/68 MP: 2/8
  4421 | D:5      | Reached skill level 7 in Shapeshifting
  4482 | D:5      | HP: 11/69 [gnoll sergeant/+0 great sword (19)]
  4483 | D:5      | HP: 1/69 [gnoll sergeant/+0 great sword (10)]
  4484 | D:5      | Mangled by a gnoll sergeant

Vanquished Creatures
  Edmund (D:5)
  2 wolves (D:5)
  4 scorpions
  A gnoll sergeant (D:5)
  A howler monkey (D:5)
  2 orc priests (D:3)
  5 hounds (D:5)
  A bombardier beetle (D:5)
  2 gnoll boudas (D:5)
  2 iguanas (D:5)
  An orc wizard (D:5)
  Robin (D:3)
  19 gnolls (D:5)
  3 adders
  3 dart slugs
  A ribbon worm (D:3)
  13 orcs
  9 endoplasms
  2 giant cockroaches
  13 goblins
  7 hobgoblins
  3 jackals
  A kobold (D:3)
  4 quokkas
  5 ball pythons
  2 bats
  4 rats
112 creatures vanquished.

Table legend:
 A = Non-vault XP
 B = Vault XP
 C = Vault XP percentage of total XP
 D = Non-vault monster count
 E = Vault monster count
 F = Vault count percentage of total count
                 A         B        C        D         E       F
            +---------+---------+-------+---------+---------+-------
      Total |     818 |    1028 |  55.7 |      63 |      49 |  43.8
            +---------+---------+-------+---------+---------+-------
        D:1 |      23 |       0 |   0.0 |      12 |       0 |   0.0
        D:2 |      15 |      14 |  48.3 |       7 |       7 |  50.0
        D:3 |     227 |      32 |  12.4 |      17 |      11 |  39.3
        D:4 |     214 |       0 |   0.0 |      16 |       0 |   0.0
        D:5 |     339 |     982 |  74.3 |      11 |      31 |  73.8
            +---------+---------+-------+---------+---------+-------

Skill      XL: |  1  2  3  4  5  6  7  8 |
---------------+-------------------------+-----
Fighting       | 2 3 4 5 |  5.4
Shapeshifting  | 4 5 6 7 |  7.2
Unarmed Combat | 4 5 |  5.8
Dodging        | |  1.7

Action                     |  1- 3 |  4- 6 |  7- 9 || total
---------------------------+-------+-------+-------++-------
  Melee: Unarmed           |    81 |   160 |   131 ||   372
         Tailslap          |    10 |    21 |    20 ||    51
         Punch             |       |     1 |     3 ||     4
Ability: Combustion Breath |       |       |     4 ||     4
    Use: Scroll            |     5 |     6 |       ||    11
         Potion            |       |     6 |       ||     6
   Stab: Sleeping          |       |     1 |       ||     1
 Armour: Skin              |    35 |    74 |   106 ||   215
  Dodge: Dodged            |    70 |    91 |   123 ||   284
         Repelled          |     2 |       |     2 ||     4
   Form: Blade             |     1 |       |     1 ||     2
                           |     1 |       |       ||     1
         Flux              |     1 |       |     1 ||     2
         Beast             |       |     1 |       ||     1

Illustrated notes

Table legend:
 A = Kills in this place as a percentage of kills in the entire game.
 B = Kills by you in this place as a percentage of kills by you in the entire game.
 C = Kills by friends in this place as a percentage of kills by friends in the entire game.
 D = Other kills in this place as a percentage of other kills in the entire game.
 E = Experience gained in this place as a percentage of experience gained in the entire game.
 F = Experience gained in this place divided by the number of levels of this place that you have seen.
                   A       B       C       D       E      F
               +-------+-------+-------+-------+-------+----------------------
         Total | 100.0 | 100.0 |   N/A |   N/A | 100.0 | 307.7
       Dungeon | 100.0 | 100.0 |   N/A |   N/A | 100.0 | 369.2
               +-------+-------+-------+-------+-------+----------------------

Table legend: (Time is in decaauts)
 A = Elapsed time spent in this place.
 B = Non-inter-level travel time spent in this place.
 C = Inter-level travel time spent in this place.
 D = Time resting spent in this place.
 E = Time spent auto-exploring this place.
 F = Levels seen in this place.
 G = Mean time per level.
                   A        B        C        D        E       F      G
               +--------+--------+--------+--------+--------+-----+--------+
         Total |   4461 |   4260 |    201 |    287 |   3044 |   6 |  743.5 |
       Dungeon |   4400 |   4213 |    187 |    287 |   3027 |   5 |  880.0 |
        Temple |     60 |     47 |     13 |      0 |     17 |   1 |   60.0 |
               +--------+--------+--------+--------+--------+-----+--------+

Top non-repeatable levels by time:
     D:3: 1097 daAuts
     D:2: 1035 daAuts
     D:4: 986 daAuts
     D:5: 778 daAuts
     D:1: 503 daAuts
  Temple: 60 daAuts
